 Dungeon Crawl Stone Soup version 0.28.0-45-g0d030f2227 (webtiles) character file.

Game seed: 772998899076566951

8090 raph the Geomancer (level 11, -6/64 HPs)
             Began as a Gargoyle Earth Elementalist on Apr 12, 2022.
             Was a Believer of Sif Muna.
             Mangled by a komodo dragon (17 damage)
             ... on level 2 of the Lair of Beasts.
             The game lasted 00:24:11 (15484 turns).

raph the Geomancer (Gargoyle Earth Elementalist)   Turns: 15484, Time: 00:24:12

Health: -6/64      AC: 13    Str: 15    XL:     11   Next: 25%
Magic:  24/28      EV: 13    Int: 20    God:    Sif Muna [**....]
Gold:   303        SH:  5    Dex: 14    Spells: 6/21 levels left

rFire   . . .      SeeInvis +   h - +1 whip (elec)
rCold   . . .      Faith    .   N - +1 buckler "Hothrev" {Will+ Str+3}
rNeg    + . .      Spirit   .   H - +1 leather armour of Purpose {Dex+4 SInv}
rPois   ∞          Reflect  .   (no helmet)
rElec   +          Harm     .   (no cloak)
rCorr   .          Rampage  .   G - +0 pair of gloves
Will    +....                   (no boots)
Stlth   +++.......              r - amulet of magic regeneration
HPRegen 0.20/turn               y - ring of magical power
MPRegen 0.61/turn               (no ring)

@: very slightly contaminated
A: sickness immunity, AC +8, negative energy resistance 1, electricity
resistance, torment resistance 1, petrification resistance
a: Renounce Religion, Channel Magic


You were on level 2 of the Lair of Beasts.
You worshipped Sif Muna.
Sif Muna was pleased with you.
You visited 3 branches of the dungeon, and saw 13 of its levels.
You also visited: Sewer and Ice Cave.

You collected 523 gold pieces.
You spent 220 gold pieces at shops.

Inventory:

Hand Weapons
 a - a +0 whip of flaming
 h - a +1 whip of electrocution (weapon)
 m - a +2 whip of venom
 p - a +4 dagger of venom
 v - a +4 flail of freezing
Missiles
 k - 36 poisoned darts
 n - 2 silver javelins
 D - 3 throwing nets
Armour
 b - a +1 robe
 s - a +2 leather armour of willpower
 G - a +0 pair of gloves (worn)
 H - the +1 leather armour of Purpose (worn) {Dex+4 SInv}
   (You found it on level 9 of the Dungeon)

   Dex:       It affects your dexterity (+4).
   SInv:      It lets you see invisible.
 N - the +1 buckler "Hothrev" (worn) {Will+ Str+3}
   (You found it on level 10 of the Dungeon)

   Str:       It affects your strength (+3).
   Will:      It increases your willpower.
Jewellery
 r - an amulet of magic regeneration (around neck)
 y - a ring of magical power (left hand)
 E - a ring of see invisible
 O - a ring of magical power
Wands
 u - a wand of paralysis (13)
 B - a wand of flame (23)
 C - a wand of mindburst (14)
 F - a wand of charming (10)
 J - a wand of iceblast (11)
Scrolls
 e - 6 scrolls of magic mapping
 o - 2 scrolls of blinking
 q - 4 scrolls of teleportation
 w - a scroll of enchant weapon
 L - 2 scrolls of identify
 M - a scroll of fog
Potions
 d - a potion of resistance
 f - 3 potions of mutation
 g - a potion of invisibility
 i - 2 potions of curing {unknown}
 j - 2 potions of brilliance
 l - 2 potions of ambrosia
 t - 2 potions of might {unknown}
 x - 5 potions of flight {unknown}
 z - a potion of haste {unknown}
 A - 2 potions of heal wounds
 I - a potion of magic {unknown}


   Skills:
 + Level 5.6 Fighting
 * Level 6.5 Maces & Flails
 + Level 5.1 Dodging
 + Level 7.2 Stealth
 + Level 1.7 Shields
 + Level 5.5 Spellcasting
 + Level 5.6 Conjurations
 + Level 1.2 Summonings
 + Level 1.6 Translocations
 - Level 0.7 Transmutations
 * Level 10.6 Earth Magic
 + Level 3.7 Invocations


You had 6 spell levels left.
You knew the following spells:

 Your Spells              Type           Power      Damage    Failure   Level
a - Sandblast             Erth           94%        2d19      1%          1
b - Passwall              Tmut/Erth      23%        N/A       2%          2
c - Stone Arrow           Conj/Erth      76%        3d11      1%          3
d - Magic Dart            Conj           100%       1d8       1%          1
e - Call Imp              Summ           10%        N/A       16%         2
f - Blink                 Tloc           24%        N/A       14%         2
g - Petrify               Tmut/Erth      28%        N/A       19%         4

Your spell library contained the following spells:

 Spells                   Type           Power      Damage    Failure   Level
 Pain                     Necr           20%        1d5       19%         1
 Mephitic Cloud           Conj/Pois/Air  13%        N/A       26%         3
 Lesser Beckoning         Tloc           12%        N/A       28%         3
 Inner Flame              Hex/Fire       5%         N/A       50%         3
 Cause Fear               Hex            2%         N/A       88%         4
 Manifold Assault         Tloc           12%        N/A       95%         5
 Agony                    Necr           5%         N/A       99%         5
 Excruciating Wounds      Necr           2%         N/A       99%         5
 Discord                  Hex            2%         N/A       100%        8


Dungeon Overview and Level Annotations

Branches:
Dungeon (10/15)            Temple (1/1) D:5            Lair (2/6) D:10
  Sewer (visited)           IceCv (visited)
  Swamp: Lair:2-4    Shoals: Lair:2-4     Snake: Lair:2-4    Spider: Lair:2-4
    Orc: D:9-12

Altars:
Ashenzari
Cheibriados
Dithmenos
Elyvilon
Fedhas
Gozag
Hepliaklqana
Kikubaaqudgha
Makhleb
Nemelex Xobeh
Okawaru
Qazlal
Ru
Sif Muna
Trog
Uskayaw
Vehumet
Wu Jian
Xom
Yredelemnul
Zin
The Shining One

Shops:
D:2 =   D:8 (

Annotations:
Lair:1 1 runed translucent door, jacek's ghost, journeyman DDCA
Lair:2 exclusion: boulder beetle


Innate Abilities, Weirdness & Mutations

You are immune to sickness and miasma.
Your stone body is resilient. (AC +8)
You are immune to poison.
You resist negative energy. (rN+)
You are resistant to electric shocks. (rElec)
You are resistant to unholy torment.
You are immune to petrification.


Message History

Sif Muna accepts your kill.
You start resting.
Magic restored.
You see here a yak corpse.
A komodo dragon comes into view.
The komodo dragon hisses angrily.
The komodo dragon bites you!!
Casting: Sandblast (safe; 1% risk of failure)
Confirm with . or Enter, or press ? or * to list all spells.
Aiming: Stone Arrow (safe; 1% risk of failure)
Press: ? - help, Shift-Dir - straight line, f - komodo dragon
Aim: a komodo dragon (81% to hit)
You miscast Stone Arrow.
You are very lightly contaminated with residual magic.
Nothing appears to happen.
The komodo dragon bites you but does no damage.
Aiming: Sandblast (safe; 1% risk of failure)
Press: ? - help, Q - select action, (/) - cycle Shift-Dir - straight line, f/p - komodo dragon
Aim: a komodo dragon (87% to hit)
The blast of sand hits the komodo dragon.
The komodo dragon is lightly wounded.
The komodo dragon bites you!
Aiming: Sandblast (safe; 1% risk of failure)
Press: ? - help, Q - select action, (/) - cycle Shift-Dir - straight line, f/p - komodo dragon
Aim: a komodo dragon (lightly wounded, 87% to hit)
The blast of sand hits the komodo dragon!!
The komodo dragon is heavily wounded.
The komodo dragon bites you!
* * * LOW HITPOINT WARNING * * *
Aiming: Sandblast (safe; 1% risk of failure)
Press: ? - help, Q - select action, (/) - cycle Shift-Dir - straight line, f/p - komodo dragon
Aim: a komodo dragon (heavily wounded, 87% to hit)
The blast of sand hits the komodo dragon!
The komodo dragon is severely wounded.
You now have no stones remaining.
The komodo dragon bites you but does no damage.
Casting: Sandblast (safe; 1% risk of failure)
Confirm with . or Enter, or press ? or * to list all spells.
You miscast Blink.
Nothing appears to happen.
The komodo dragon bites you!
You die...

##.##......###.........#
#............###.....PP##
##.........###
##>#.....## ##.......##
####.#...# ##......#
##..#.# ####.......#
###### ## ###.........##
P####......###P..##
.##P....#.## ###@P#
.....###### #.l## ...#.##
###.# ......### ..#
......#.# ..# ........#.
#.. .......#.# .##
........## .P .........#
..


You could see a komodo dragon.

Vanquished Creatures
  Psyche (D:8)
  A komodo dragon (Lair:1)
  5 blink frogs (Lair:2)
  2 wyverns
  A vampire (D:10)
  6 yaks
  A wraith (D:9)
  2 wargs (D:10)
  Menkaure (D:6)
  4 water moccasins
  2 orc warriors
  A hornet zombie (D:8)
  2 ice beasts
  2 black bears
  3 centaurs
  2 phantoms
  2 kobold brigands
  3 gnoll sergeants
  6 bullfrogs
  A water moccasin zombie (D:6)
  2 water moccasin skeletons
  12 killer bees
  6 wights
  A howler monkey (D:6)
  A jelly (D:6)
  3 hounds
  4 centaur zombies
  2 orc priests
  2 centaur skeletons
  11 orc wizards
  2 troll simulacra (IceCv)
  A spriggan simulacrum (IceCv)
  A killer bee zombie (D:8)
  A hound zombie (D:5)
  A hound skeleton (D:5)
  A howler monkey zombie (D:9)
  8 adders
  19 gnolls
  An ufetubus (D:7)
  2 dart slugs (D:5)
  21 orcs
  5 endoplasms
  5 giant cockroaches
  5 goblins
  3 hobgoblins
  4 jackals (D:3)
  8 quokkas
  7 ball pythons
  3 bats
  5 frilled lizards
  21 kobolds
  4 rats
220 creatures vanquished.

Vanquished Creatures (collateral kills)
  A necrophage (D:6)
  A water moccasin skeleton (D:6)
  2 killer bees
  An orc wizard (D:4)
  3 orcs
  2 kobolds (D:9)
10 creatures vanquished.

Vanquished Creatures (others)
  5 fungi (Lair:2)
  20 plants
  4 toadstools (D:1)
29 creatures vanquished.

Grand Total: 259 creatures vanquished

Notes
Turn   | Place    | Note
-------+----------+-------------------------------------------
     0 | D:1      | raph the Gargoyle Earth Elementalist began the quest for
                  | the Orb.
     0 | D:1      | Reached XP level 1. HP: 10/10 MP: 3/3
   471 | D:1      | Reached XP level 2. HP: 15/15 MP: 3/5
   601 | D:1      | Reached skill level 4 in Earth Magic
   626 | D:1      | Learned a level 2 spell: Passwall
   636 | D:1      | Found a faded altar of an unknown god.
  1368 | D:1      | Reached XP level 3. HP: 19/19 MP: 4/6
  1372 | D:1      | Learned a level 3 spell: Stone Arrow
  1932 | D:2      | Found Diatapp's Jewellery Emporium.
  2458 | D:2      | Reached XP level 4. HP: 24/24 MP: 3/7
  2909 | D:2      | Found a broken altar of Ashenzari.
  3422 | D:3      | Reached skill level 5 in Earth Magic
  3576 | D:3      | Found a glowing drain.
  3621 | Sewer    | Entered a sewer
  3637 | Sewer    | Reached XP level 5. HP: 28/28 MP: 5/9
  3794 | Sewer    | Noticed Pargi
  3963 | D:3      | Learned a level 1 spell: Magic Dart
  3966 | D:3      | Learned a level 2 spell: Call Imp
  4656 | D:4      | Reached XP level 6. HP: 27/33 MP: 5/10
  4832 | D:4      | Reached skill level 1 in Fighting
  4935 | D:4      | Noticed a black bear
  4946 | D:4      | Killed a black bear
  4947 | D:4      | Reached skill level 1 in Conjurations
  4947 | D:4      | Reached skill level 6 in Earth Magic
  5315 | D:5      | Entered Level 5 of the Dungeon
  5339 | D:5      | Reached XP level 7. HP: 38/38 MP: 8/11
  5449 | D:5      | You fall into a shaft and drop 3 floors!
  5865 | D:6      | Noticed Menkaure
  5872 | D:6      | Killed Menkaure
  5884 | D:6      | Reached skill level 7 in Earth Magic
  5916 | D:6      | Reached XP level 8. HP: 32/45 MP: 10/13
  6030 | D:6      | Reached skill level 1 in Maces & Flails
  6647 | D:5      | Reached skill level 5 in Stealth
  6739 | D:5      | Found a staircase to the Ecumenical Temple.
  6748 | Temple   | Entered the Ecumenical Temple
  6968 | Temple   | Became a worshipper of Sif Muna the Loreminder
  7106 | D:2      | Bought a ring of magical power for 220 gold pieces
  8307 | D:7      | Noticed a wyvern
  8320 | D:7      | Killed a wyvern
  8321 | D:7      | Reached skill level 8 in Earth Magic
  8324 | D:7      | Reached XP level 9. HP: 36/51 MP: 15/15
  8550 | D:7      | Reached * piety under Sif Muna
  9092 | D:8      | Noticed Psyche
  9115 | D:8      | Killed Psyche
  9138 | D:8      | Learned a level 2 spell: Blink
  9243 | D:8      | Learned a level 4 spell: Petrify
  9913 | D:8      | Found Riytun's Weapon Boutique.
 10033 | D:9      | Reached skill level 9 in Earth Magic
 10052 | D:9      | Reached skill level 1 in Invocations
 10334 | D:9      | Reached XP level 10. HP: 47/58 MP: 17/17
 10569 | D:9      | Identified the +1 leather armour of Purpose {Dex+4 SInv}
 10741 | D:9      | Reached skill level 5 in Spellcasting
 10763 | D:9      | Reached skill level 5 in Maces & Flails
 10771 | D:9      | Reached ** piety under Sif Muna
 11594 | D:10     | Entered Level 10 of the Dungeon
 11926 | D:10     | Reached skill level 5 in Fighting
 11928 | D:10     | Reached skill level 5 in Conjurations
 11977 | D:10     | Found a broken altar of Ashenzari.
 12186 | D:10     | Found a staircase to the Lair.
 12216 | D:10     | Reached skill level 10 in Earth Magic
 12622 | D:10     | Identified the +1 buckler "Hothrev" {Will+ Str+3}
 13135 | Lair:1   | Entered Level 1 of the Lair of Beasts
 13357 | Lair:1   | Found a runed translucent door.
 13359 | Lair:1   | Noticed jacek's ghost (journeyman DDCA)
 13360 | Lair:1   | Identified the +1 spear of Somewhere Else {spect, *Noise
                  | rPois rC++ Int+2}
 13361 | Lair:1   | Noticed a spriggan rider
 13460 | Lair:1   | Reached skill level 1 in Shields
 13561 | Lair:1   | Noticed a boulder beetle
 14099 | Lair:2   | Noticed a boulder beetle
 14112 | Lair:2   | Found a frozen archway.
 14136 | IceCv    | Entered an ice cave
 14353 | Lair:2   | Reached skill level 1 in Translocations
 14364 | Lair:2   | Reached XP level 11. HP: 26/64 MP: 19/19
 14367 | Lair:2   | Reached skill level 5 in Dodging
 14367 | Lair:2   | Reached skill level 1 in Summonings
 14650 | Lair:2   | HP: 2/64 [black mamba (11)]
 15484 | Lair:2   | Mangled by a komodo dragon

Illustrated notes

Levels and vault maps discovered:
D:1:      ldierk_walled_garden_2, layout_basic,
          shapermc_ecumenical_altar_mp_vishouse, minmay_misc_feat_enclosed
D:2:      layout_basic, basic_altar, serial_shops, nicolae_shop_trees
D:3:      layout_loops_ring, gup_sewer_entry_pipe, kennysheep_generic_room_16
D:4:      layout_loops_ring
D:5:      layout_loops_cross, minmay_temple_entry_mist
D:6:      layout_basic, uniq_menkaure
D:7:      layout_loops_ring
D:8:      layout_basic, serial_shops, nicolae_shop_bloodbath_and_beyond,
          uniq_psyche
D:9:      layout_stronghold
D:10:     layout_small_grid, lemuel_doored_altar, erik_lair_orcish_takeover,
          serial_rivers, chequers_serial_rivers_micro_d,
          chequers_serial_rivers_large_a, chequers_serial_rivers_room_b,
          chequers_serial_rivers_large_b, chequers_serial_rivers_small_a,
          chequers_serial_rivers_micro_d
Temple:   mainiacjoe_temple_archimedes_tessellation
Lair:1:   layout_gridlike, ebering_ghost_funeral_grove, nzn_sisyphean_effort,
          grunt_megastairs_4, lemuel_fruit_fields, infiniplex_staircase_pool_2
Lair:2:   layout_cave_pods, portal_ice_cave_entry_pillars_1, worms_lemuel

Skill      XL: |  1  2  3  4  5  6  7  8  9 10 11 |
---------------+----------------------------------+-----
Earth Magic    | 4 5 6 7 8 9 10 | 10.6
Dodging        | 2 3 4 5 |  5.1
Stealth        | 3 4 5 6 7 |  7.2
Spellcasting   | 3 4 5 |  5.5
Fighting       | 1 2 3 4 5 |  5.6
Conjurations   | 1 2 3 4 5 |  5.6
Maces & Flails | 3 4 6 |  6.5
Invocations    | 1 3 |  3.7
Shields        | 1 |  1.7
Translocations | 1 |  1.6
Summonings     | 1 |  1.2
Transmutations | |  0.7

Action                   |  1- 3 |  4- 6 |  7- 9 | 10-12 || total
-------------------------+-------+-------+-------+-------++-------
Melee: Whip              |    21 |    57 |   101 |    67 ||   246
       Dagger            |    23 |       |       |       ||    23
       Punch             |       |     1 |     2 |       ||     3
 Cast: Sandblast         |    25 |    55 |   104 |    82 ||   266
       Stone Arrow       |     5 |     5 |    27 |    52 ||    89
       Passwall          |       |     2 |       |       ||     2
       Magic Dart        |       |     2 |     9 |    10 ||    21
       Call Imp          |       |     2 |    10 |     9 ||    21
       Blink             |       |       |       |     1 ||     1
       Petrify           |       |       |       |     1 ||     1
Evoke: Wand              |       |       |       |     4 ||     4
  Use: Scroll            |       |    13 |     6 |     3 ||    22
       Potion            |       |     1 |       |     2 ||     3
 Stab: Sleeping          |     2 |     4 |     3 |     1 ||    10
Armor: Robe              |    19 |    27 |     1 |       ||    47
       Leather armour    |       |       |    99 |    49 ||   148
Dodge: Dodged            |    34 |    46 |   135 |    89 ||   304
Block: Buckler           |       |       |       |    18 ||    18
